 Dungeon Crawl Stone Soup version 0.23.0-3-gf3c87f2df8 (webtiles) character file.

Game seed: 6607311293106892001

89 Forgol the Changer (level 4, -6/33 HPs)
             Began as a Merfolk Transmuter on Feb 24, 2019.
             Mangled by a worm (14 damage)
             ... on level 2 of the Dungeon.
             The game lasted 00:08:11 (2761 turns).

Forgol the Changer (Merfolk Transmuter)             Turns: 2761, Time: 00:08:12

Health: -6/33      AC:  3    Str: 10    XL:     4   Next: 55%
Magic:  1/7        EV: 13    Int: 13    God:
Gold:   95         SH:  0    Dex: 14    Spells: 4/7 levels left

rFire    . . .     SeeInvis .   c - +1 spear
rCold    . . .     Gourm    .   (no shield)
rNeg     . . .     Faith    .   b - +1 robe
rPois    .         Spirit   .   (no helmet)
rElec    .         Reflect  .   (no cloak)
rCorr    .         Harm     .   (no gloves)
MR       .....                  (no boots)
Stlth    +.........             (no amulet)
HPRegen  0.11/turn              (no ring)
MPRegen  0.10/turn              (no ring)

@: appendage
A: change form in water, swift swim, stealthy swim, horns 2
a: End Transformation


You were on level 2 of the Dungeon.
You were hungry.
You had grown temporary horns.
You visited 1 branch of the dungeon, and saw 2 of its levels.

You collected 95 gold pieces.

Inventory:

Hand Weapons
 c - a +1 spear (weapon)
Missiles
 a - 11 arrows
Armour
 b - a +1 robe (worn)
 p - a +1 helmet
Jewellery
 k - a cursed ring of attention
Scrolls
 f - 3 scrolls of identify
 i - a scroll of remove curse
Potions
 e - 2 potions of agility
 m - a potion of might
 n - a potion of lignification {unknown}
 o - a potion of ambrosia {unknown}
 q - a potion of magic {unknown}
Comestibles
 d - 2 rations
 g - 4 chunks of flesh


   Skills:
 - Level 2.2 Fighting
 - Level 3.3 Polearms
 - Level 3.5 Dodging
 - Level 3.2 Unarmed Combat
 + Level 2.1 Spellcasting
 + Level 3.6 Transmutations


You had 4 spell levels left.
You knew the following spells:

 Your Spells              Type           Power        Failure   Level  Hunger
a - Beastly Appendage     Tmut           ##....       5%          1    ##.....
b - Sticks to Snakes      Tmut           ##......     9%          2    ###....

Your spell library contained the following spells:

 Spells                   Type           Power        Failure   Level  Hunger
 Spider Form              Tmut/Pois      #.........   34%         3    ####...
 Ice Form                 Ice/Tmut       #.......     75%         4    #####..
 Blade Hands              Tmut           ##........   83%         5    ######.


Dungeon Overview and Level Annotations

Branches:
Dungeon (2/15)

Altars:
Trog


Innate Abilities, Weirdness & Mutations

You revert to your normal form in water You are very nimble and swift while swimming.
You are very stealthy in the water. (Stealth+)
You have a pair of horns on your head.


Message History

You extend your transformation's duration.
The worm misses you.
Casting: Beastly Appendage (safe; 5% risk of failure)
Confirm with . or Enter, or press ? or * to list all spells.
You fail to extend your transformation any further.
You are feeling hungry.
The worm completely misses you. The worm bites you!
* * * LOW HITPOINT WARNING * * *
Casting: Beastly Appendage (safe; 5% risk of failure)
Confirm with . or Enter, or press ? or * to list all spells.
You extend your transformation's duration.
The worm misses you. The worm bites you.
* * * LOW HITPOINT WARNING * * *
Casting: Beastly Appendage (safe; 5% risk of failure)
Confirm with . or Enter, or press ? or * to list all spells.
You fail to extend your transformation any further.
The worm bites you!
You die...

.)........###....##.>#.####
........###.......##.#.#
........##.........#.#.#
........##)...#....###.#
...######)...###...###.#
...# .._.#y#....÷..#
...######.)..###...##..#
...#....##)...#....##..#
..÷#....##.....w@..##..#
.........##.......##...#
.......######....## #.##
.......# ###### #.#
.......# #.. .......#
...##### ...# ...#


You could see a moth of wrath and a worm (berserk).

Vanquished Creatures
  3 adders (D:2)
  A dart slug (D:2)
  A leopard gecko (D:2)
  3 orcs (D:2)
  5 bats
  3 giant cockroaches
  8 goblins
  9 hobgoblins
  2 jackals (D:1)
  A quokka (D:2)
  A frilled lizard (D:2)
  5 kobolds (D:1)
  10 rats
52 creatures vanquished.

Vanquished Creatures (collateral kills)
  A kobold (D:2)
1 creature vanquished.

Grand Total: 53 creatures vanquished

Notes
Turn   | Place    | Note
-------+----------+-------------------------------------------
     0 | D:1      | Forgol the Merfolk Transmuter began the quest for the Orb.
     0 | D:1      | Reached XP level 1. HP: 15/15 MP: 3/3
   129 | D:1      | Reached skill level 1 in Polearms
   174 | D:1      | Reached XP level 2. HP: 20/21 MP: 5/5
   664 | D:1      | Reached XP level 3. HP: 27/27 MP: 4/6
  1270 | D:2      | Learned a level 2 spell: Sticks to Snakes
  2278 | D:2      | Reached XP level 4. HP: 18/33 MP: 5/7
  2702 | D:2      | Noticed a moth of wrath
  2705 | D:2      | Found a bloodstained altar of Trog.
  2761 | D:2      | Mangled by a worm

Skill      XL: |  1  2  3 |
---------------+----------+-----
Polearms       | 1 2 3 |  3.3
Dodging        | 3 |  3.5
Transmutations | 3 |  3.6
Fighting       | 2 |  2.2
Unarmed Combat | |  3.2
Spellcasting   | |  2.1

Action                   |  1- 3 |  4- 6 || total
-------------------------+-------+-------++-------
Melee: Spear             |   140 |    42 ||   182
       Punch             |     1 |       ||     1
       Headbutt          |    10 |     2 ||    12
 Cast: Beastly Appendage |    12 |    11 ||    23
       Sticks to Snakes  |     1 |       ||     1
  Use: Scroll            |     6 |     1 ||     7
       Potion            |     1 |     3 ||     4
 Stab: Sleeping          |     2 |       ||     2
  Eat: Chunk             |     3 |     3 ||     6
Armor: Robe              |    19 |     7 ||    26
Dodge: Dodged            |    86 |    33 ||   119
